 Dungeon Crawl Stone Soup version 0.31.0-12-g77e489cdc1 (webtiles) character file.

Game seed: 1181572837780243601

6514 ezpacito the Fighter (level 10, -16/80 HPs)
             Began as a Demonspawn Berserker on Feb 14, 2024.
             Was an Elder of Trog.
             Demolished by an orc warrior
             ... wielding a +0 war axe
              (22 damage)
             ... in a bailey.
             The game lasted 00:16:35 (7251 turns).

ezpacito the Fighter (Demonspawn Berserker)         Turns: 7251, Time: 00:16:36

Health: -16/80     AC: 12    Str: 28    XL:     10   Next: 69%
Magic:  10/10      EV: 13    Int:  8    God:    Trog [****..]
Gold:   290        SH:  9    Dex: 14    Spells: 9/9 levels left

rFire   + . .        e - +7 short sword of the Lesser Evil {flame, ^Drain rN++ rCorr Str+2}
rCold   . . .        (no shield)
rNeg    + + .        N - +3 leather armour {rPois}
rPois   +            v - +2 hat {Will+}
rElec   .            j - +2 cloak {rCorr}
rCorr   +            (gloves unavailable)
SInv    .            (no boots)
Will    +++..        s - amulet of reflection
Stlth   +++          q - +6 ring of strength
HPRegen 1.33/turn    z - ring of protection from fire
MPRegen 0.12/turn

%: reflection
@: strong-willed, on berserk cooldown, regenerating, slowed, studying Fighting,
very slow
A: claws 3, large bone plates 1
a: Renounce Religion, Berserk, Trog's Hand, Brothers in Arms


You were in a bailey.
You worshipped Trog.
Trog was greatly pleased with you.
You visited 1 branch of the dungeon, and saw 8 of its levels.
You also visited: Sewer and Bailey.

You collected 316 gold pieces.
You spent 26 gold pieces at shops.

Inventory:

Hand Weapons
 e - the +7 short sword of the Lesser Evil (weapon) {flame, ^Drain rN++ rCorr Str+2}
   (You found it on level 2 of the Dungeon)

   Str+2:     It affects your strength (+2).
   rN++:      It greatly protects you from negative energy.
   rCorr:     It protects you from acid and corrosion.
   ^Drain:    It drains your maximum health when unequipped.
 t - a +0 war axe
 w - a +3 whip of flaming
 D - a +3 sling
 I - a +1 hand axe of flaming
 M - a +2 dagger of distortion
Missiles
 c - 5 javelins
 m - 66 stones (quivered)
 p - 4 darts of dispersal
 u - 14 boomerangs
 y - 18 curare-tipped darts
 A - 54 poisoned darts
 L - 4 throwing nets
 P - 4 datura-tipped darts
Armour
 b - a scarf of resistance
 j - a +2 cloak of preservation (worn)
 v - a +2 hat of willpower (worn)
 N - a +3 leather armour of poison resistance (worn)
 O - a +2 leather armour of fire resistance
Jewellery
 g - a +4 ring of protection
 h - an amulet of magic regeneration
 n - an amulet of guardian spirit
 q - a +6 ring of strength (left claw)
 s - an amulet of reflection (around neck)
 z - a ring of protection from fire (right claw)
 C - a ring of ice
Talismans
 a - a beast talisman
Wands
 H - a wand of roots (30)
 J - a wand of quicksilver (15)
Scrolls
 d - 3 scrolls of poison
 f - 2 scrolls of blinking
 i - a scroll of vulnerability
 l - a scroll of immolation
 o - 2 scrolls of fog
 B - a scroll of enchant armour
Potions
 k - a potion of degeneration {unknown}
 r - a potion of invisibility {unknown}
 x - 3 potions of brilliance {unknown}
 E - 2 potions of haste {unknown}
 F - a potion of resistance {unknown}
 G - a potion of magic {unknown}
 K - a potion of berserk rage {unknown}


   Skills:
 * Level 8.1 Fighting
 * Level 6.0 Short Blades
 + Level 5.4 Axes
 * Level 6.5 Armour
 + Level 4.7 Dodging
 + Level 4.7 Stealth
 * Level 6.1 Unarmed Combat
 + Level 1.8 Evocations


You had 9 spell levels left.
You didn't know any spells.
Your spell library contained the following spells:

 Spells                   Type           Power      Damage    Failure   Level
 Apportation              Tloc           0%         N/A       43%         1
 Kiss of Death            Conj/Necr      0%         2d5       43%         1
 Necrotise                Necr           0%         1d4       43%         1
 Sandblast                Erth           0%         2d4       43%         1
 Sting                    Conj/Alch      0%         1d3       43%         1
 Summon Small Mammal      Summ           0%         N/A       43%         1
 Ensorcelled Hibernation  Hex/Ice        0%         N/A       58%         2
 Call Canine Familiar     Summ           0%         N/A       82%         3
 Confusing Touch          Hex            0%         N/A       82%         3
 Passwall                 Erth           0%         N/A       82%         3
 Sigil of Binding         Hex            0%         N/A       82%         3
 Stone Arrow              Conj/Erth      0%         3d7       82%         3
 Swiftness                Air            0%         N/A       82%         3
 Brom's Barrelling Bould  Conj/Erth      0%         2d3       99%         4
 Dimensional Bullseye     Hex/Tloc       0%         N/A       99%         4
 Dispel Undead            Necr           0%         3d6       99%         4


Dungeon Overview and Level Annotations

Branches:
Dungeon (8/15)             Temple (0/1) D:7           Sewer (visited)
 Bailey (1/1)
   Lair: D:8-11

Altars:
Fedhas
Nemelex Xobeh
Uskayaw
Xom

Shops:
D:1 ?   D:6 =

Annotations:
D:3 1 runed translucent door, dchavez06's ghost, amateur GrMo


Innate Abilities, Weirdness & Mutations

You have claws for hands.
You are partially covered in large bone plates. (SH +4)


Message History

You feel sick.
You puncture the kobold brigand! You burn the kobold brigand.
You kill the kobold brigand!
Trog accepts your kill.
Found an iron altar of Okawaru.
You feel sick.
The kobold brigand hits you with a +0 war axe!
You block the orc warrior's attack. The orc warrior barely misses you.
The orc knight hits you with a +0 war axe!
Things that are here:
a +0 war axe; a +0 war axe; 11 poisoned darts You puncture the orc knight!
You burn the orc knight.
The orc knight is lightly wounded.
You feel sick.
You are no longer poisoned.
You block the orc warrior's attack.
The kobold brigand hits you but does no damage.
The orc warrior hits you with a +0 war axe!!
The orc warrior misses you.
The orc knight hits you with a +0 war axe!
You barely miss the orc knight.
The orc knight is lightly wounded.
You puncture the orc knight! You burn the orc knight.
The orc knight is moderately wounded.
You are no longer berserk.
You are exhausted.
You feel yourself slow down. The orc warrior barely misses you.
The kobold brigand barely misses you.
The orc warrior hits you with a +0 war axe.
The orc warrior hits you but does no damage.
The orc knight misses you.
You hit the orc knight but do no damage.
You claw the orc knight!
The orc knight is severely wounded.
The orc warrior hits you with a +0 war axe!
* * * LOW HITPOINT WARNING * * *
You block the kobold brigand's attack.
The orc warrior hits you with a +0 war axe!
* * * LOW HITPOINT WARNING * * *
The orc warrior hits you with a +0 war axe!!
You die...

#####~~.......~~##
##~.......~##
####'''####
##.....##
#∩.)...∩#
#...8...#
##.....## ###o###
#KK@# #....ooo..#
.......o.....#
...............#
...............#
#.............##
###.[[....}.###
####._.####


You could see an orc knight, 4 orc warriors and 2 kobold brigands.

Vanquished Creatures
  A two-headed ogre (D:8)
  The ghost of Findleman the Fighter, a novice MiFi of Okawaru (D:5)
  Pikel (D:4)
  Maurice (D:7)
  Eustachio (D:6)
  2 steam dragons
  Duvessa (D:5)
  A water moccasin (D:6)
  4 orc warriors
  3 sky beasts
  A black bear (D:4)
  An ice beast (D:7)
  3 ogres
  A centaur (D:7)
  2 bullfrogs (D:7)
  14 kobold brigands
  4 scorpions
  4 wights (D:8)
  Dowan (D:5)
  A howler monkey (D:8)
  4 hounds
  A bombardier beetle (D:5)
  4 gnoll boudas
  6 orc priests
  3 jellies (D:6)
  2 iguanas
  8 orc wizards
  A sleepcap (D:8)
  19 gnolls
  9 adders
  A shadow imp (D:6)
  2 white imps
  4 ufetubi
  6 ribbon worms
  2 dart slugs
  19 orcs
  8 ball pythons
  21 endoplasms
  4 giant cockroaches
  5 goblins
  4 hobgoblins
  3 quokkas
  5 bats
  2 frilled lizards
  31 kobolds
  16 rats
238 creatures vanquished.

Vanquished Creatures (others)
  4 kobolds (D:8)
4 creatures vanquished.

Grand Total: 242 creatures vanquished

Notes
Turn   | Place    | Note
-------+----------+-------------------------------------------
     0 | D:1      | ezpacito the Demonspawn Berserker began the quest for the
                  | Orb.
     0 | D:1      | Reached XP level 1. HP: 18/18 MP: 1/1
   167 | D:1      | Gained mutation: You have sharp fingernails. [demonic
                  | ancestry]
   167 | D:1      | Reached XP level 2. HP: 22/24 MP: 2/2
   415 | D:1      | Found Deadi's Magic Scroll Emporium.
   441 | D:1      | Bought a scroll of identify for 26 gold pieces
   986 | D:2      | Identified the +7 short sword of the Lesser Evil {flame,
                  | ^Drain rN++ rCorr Str+2}
   994 | D:2      | Reached ** piety under Trog
   995 | D:2      | Reached XP level 3. HP: 28/29 MP: 3/3
  1721 | D:3      | Found a faded altar of an unknown god.
  1828 | D:3      | Reached skill level 1 in Stealth
  1828 | D:3      | Reached skill level 1 in Unarmed Combat
  1828 | D:3      | Reached XP level 4. HP: 35/35 MP: 4/4
  1832 | D:3      | Reached skill level 1 in Short Blades
  1884 | D:3      | Found a runed translucent door.
  1894 | D:3      | Noticed dchavez06's ghost (amateur GrMo)
  1956 | D:3      | Found a blossoming altar of Fedhas.
  2221 | D:3      | Found a sparkling altar of Nemelex Xobeh.
  2453 | D:4      | Gained mutation: You are partially covered in large bone
                  | plates. (SH +4) [demonic ancestry]
  2453 | D:4      | Reached XP level 5. HP: 41/41 MP: 5/5
  2464 | D:4      | Noticed a black bear
  2475 | D:4      | Killed a black bear
  2548 | D:4      | Reached XP level 6. HP: 40/48 MP: 2/6
  2550 | D:4      | Reached *** piety under Trog
  2554 | D:4      | Reached skill level 4 in Fighting
  2878 | D:4      | Noticed Pikel
  2886 | D:4      | Killed Pikel
  2887 | D:4      | Reached XP level 7. HP: 55/55 MP: 4/7
  3087 | D:4      | Found a shimmering altar of Xom.
  3245 | D:5      | Entered Level 5 of the Dungeon
  3248 | D:5      | Noticed Duvessa
  3248 | D:5      | Noticed Dowan
  3307 | D:5      | Found a glowing drain.
  3339 | D:5      | Killed Duvessa
  3340 | D:5      | Reached skill level 5 in Fighting
  3340 | D:5      | Reached XP level 8. HP: 53/62 MP: 4/8
  3342 | D:5      | Killed Dowan
  3444 | Sewer    | Entered a sewer
  4182 | D:5      | Found a runed translucent gate.
  4182 | D:5      | Found a runed translucent gate.
  4182 | D:5      | Found a runed translucent gate.
  4183 | D:5      | Noticed Findleman's ghost (novice MiFi)
  4232 | D:5      | Reached **** piety under Trog
  4468 | D:5      | Identified the +0 pair of gloves of the Fortifying Gods
                  | {rF+ rC+ rN+ rCorr}
  4480 | D:5      | Identified a scroll of acquirement
  4480 | D:5      | Acquired an amulet of reflection
  4577 | D:5      | Killed Findleman's ghost
  4578 | D:5      | Reached skill level 6 in Fighting
  4578 | D:5      | Reached skill level 5 in Armour
  4578 | D:5      | Gained mutation: You have very sharp fingernails. [demonic
                  | ancestry]
  4578 | D:5      | Reached XP level 9. HP: 69/69 MP: 9/9
  4825 | D:6      | Found Imempus's Jewellery Shop.
  5069 | D:6      | Noticed Eustachio
  5100 | D:6      | Killed Eustachio
  5229 | D:6      | Reached skill level 5 in Unarmed Combat
  5517 | D:6      | Reached skill level 5 in Short Blades
  5733 | D:7      | Found a hide-covered altar of Uskayaw.
  5823 | D:7      | Reached skill level 5 in Axes
  5823 | D:7      | Gained mutation: You have claws for hands. [demonic
                  | ancestry]
  5823 | D:7      | Reached XP level 10. HP: 68/77 MP: 10/10
  5857 | D:7      | Acquired a manual of Fighting
  5936 | D:7      | Noticed Maurice
  5950 | D:7      | Something stole 226 gold
  5951 | D:7      | Something stole 40 poisoned darts
  5954 | D:7      | Something stole a beast talisman
  5955 | D:7      | Something stole a +3 whip of flaming
  5974 | D:7      | Something stole an amulet of magic regeneration
  5986 | D:7      | Killed Maurice
  5987 | D:7      | Reached skill level 7 in Fighting
  6533 | D:7      | Found a staircase to the Ecumenical Temple.
  6737 | D:8      | Noticed a two-headed ogre
  6744 | D:8      | Killed a two-headed ogre
  6745 | D:8      | Reached skill level 1 in Evocations
  6798 | D:8      | Found a flagged portal.
  6955 | Bailey   | Entered a bailey
  7034 | Bailey   | Reached skill level 8 in Fighting
  7232 | Bailey   | Noticed an orc knight
  7247 | Bailey   | Found an iron altar of Okawaru.
  7251 | Bailey   | Demolished by an orc warrior

Illustrated notes

Levels and vault maps discovered:
D:1:      heliophobic_arrival_battle_scene, layout_loops_cross, serial_shops,
          shop, nicolae_figureground_pulse
D:2:      layout_basic
D:3:      layout_rooms, mainiacjoe_overflow_alcove_1, old_standard_altar,
          serial_bayou, serial_bayou_lake_a, serial_bayou_pond_a,
          serial_bayou_lagoon_a, serial_bayou_pond_c,
          nicolae_ecumenical_snake_handling, ebering_ghost_sewer_d,
          minmay_stone_trees_medium
D:4:      layout_rooms, kennysheep_mini, bh_walls_and_bars, uniq_pikel
D:5:      layout_rooms, gup_sewer_entry_glass, gammafunk_ghost_nasty_kobolds,
          uniq_duvessa
D:6:      layout_basic, serial_shops, nicolae_shop_just_a_little_nook,
          uniq_eustachio
D:7:      layout_basic, overflow_temple_1_default,
          minmay_temple_entry_from_below_a, uniq_maurice
D:8:      lemuel_castle_with_subvaults [lemuel_castle_interior_carwin_3],
          layout_rooms, enter_bailey_2, serial_shops, nicolae_shop_hallway_plus
Bailey:   bailey_axe_3, bailey

Skill      XL: |  1  2  3  4  5  6  7  8  9 10 |
---------------+-------------------------------+-----
Armour         | 2 3 4 5 6 |  6.5
Dodging        | 2 3 4 |  4.7
Axes           | 3 4 5 |  5.4
Stealth        | 1 2 3 4 |  4.7
Unarmed Combat | 1 3 4 5 6 |  6.1
Short Blades   | 1 2 3 4 5 6 |  6.0
Fighting       | 4 5 6 8 |  8.1
Evocations     | 1 |  1.8

Action                     |  1- 3 |  4- 6 |  7- 9 | 10-12 || total
---------------------------+-------+-------+-------+-------++-------
  Melee: Hand axe          |    66 |       |       |       ||    66
         Short sword       |    39 |    84 |   405 |   203 ||   731
         Punch             |       |     1 |    18 |     9 ||    28
 Invoke: Berserk           |     1 |     2 |     4 |     4 ||    11
         Trog's Hand       |       |     1 |     4 |     5 ||    10
    Use: Scroll            |     4 |     1 |     7 |     2 ||    14
         Potion            |       |       |     3 |     6 ||     9
   Stab: Sleeping          |     3 |       |     4 |     1 ||     8
 Armour: Animal skin       |    30 |       |       |       ||    30
         Leather armour    |     9 |       |    30 |   159 ||   198
         Chain mail        |    20 |    82 |   254 |       ||   356
  Dodge: Dodged            |    56 |    35 |   174 |   118 ||   383
  Block: Other             |       |    15 |   106 |    97 ||   218
         Reflection        |       |       |       |     8 ||     8
